 Dungeon Crawl Stone Soup version 0.22.1-2-g9c5b331 (webtiles) character file.

42 Gearfox the Firebug (level 3, -1/20 HPs)
             Began as a Deep Elf Fire Elementalist on Dec 11, 2018.
             Was an Initiate of Nemelex Xobeh.
             Splashed by a jelly's acid (11 damage)
             ... on level 1 of the Dungeon.
             The game lasted 00:03:35 (1325 turns).

Gearfox the Firebug (Deep Elf Fire Elementalist)    Turns: 1325, Time: 00:03:36

Health: -1/20      AC:  2    Str:  5    XL:     3   Next: 33%
Magic:  5/10       EV: 13    Int: 20    God:    Nemelex Xobeh [......]
Gold:   52         SH:  0    Dex: 15    Spells: 6/9 levels left

rFire    . . .     SeeInvis .   (no weapon)
rCold    . . .     Gourm    .   (no shield)
rNeg     . . .     Faith    .   a - +0 robe
rPois    .         Spirit   .   (no helmet)
rElec    .         Reflect  .   (no cloak)
rCorr    .         Harm     .   (no gloves)
MR       .....                  (no boots)
Stlth    ++........             l - amulet of the acrobat
HPRegen  0.06/turn              (no ring)
MPRegen  0.12/turn              (no ring)

@: very slightly contaminated
A: no striking features
a: Renounce Religion


You were on level 1 of the Dungeon.
You worshipped Nemelex Xobeh.
Nemelex Xobeh was noncommittal.
You were hungry.

You visited 1 branch of the dungeon, and saw 2 of its levels.

You collected 52 gold pieces.

Inventory:

Missiles
 e - 21 sling bullets
Armour
 a - a +0 robe (worn)
Jewellery
 l - an amulet of the acrobat (around neck)
Scrolls
 d - a scroll of random uselessness {unknown}
 f - a scroll of blinking {unknown}
 k - a scroll of teleportation {unknown}
 m - a scroll of remove curse {unknown}
Potions
 b - 3 potions of agility
 g - 2 potions of brilliance {unknown}
 h - 2 potions of magic {unknown}
 i - a potion of degeneration {unknown}
 j - a potion of curing {unknown}
 n - a potion of lignification {unknown}
Comestibles
 c - 2 rations


   Skills:
 * Level 1.0 Fighting
 - Level 2.4 Dodging
 - Level 2.4 Stealth
 * Level 3.7 Spellcasting
 + Level 1.4 Conjurations
 * Level 4.0 Fire Magic


You had 6 spell levels left.
You knew the following spells:

 Your Spells              Type           Power        Failure   Level  Hunger
a - Flame Tongue          Conj/Fire      ##...        4%          1    None
b - Throw Flame           Conj/Fire      ##....       6%          2    ##.....

Your spell library contained the following spells:

 Spells                   Type           Power        Failure   Level  Hunger
 Conjure Flame            Conj/Fire      ##......     13%         3    ###....
 Inner Flame              Hex/Fire       ##......     17%         3    ###....
 Sticky Flame             Conj/Fire      ##......     38%         4    ####...
 Fireball                 Conj/Fire      ##........   75%         5    ######.


Dungeon Overview and Level Annotations

Branches:
Dungeon (2/15)

Altars:
Nemelex Xobeh


Message History

Confirm with . or Enter, or press ? or * to list all spells.
Aiming: Throw Flame (safe; 6% risk of failure)
Press: ? - help, Shift-Dir - straight line, f - goblin
Aim: a goblin, wielding a club The puff of flame misses the goblin.
The jackal bites you. The goblin hits you with a club.
The jackal barely misses you. The jelly misses you.
Casting: Throw Flame (safe; 6% risk of failure)
Confirm with . or Enter, or press ? or * to list all spells.
Aiming: Flame Tongue (safe; 4% risk of failure)
Press: ? - help, Shift-Dir - straight line, f/p - goblin
Aim: a goblin, wielding a club The flame tongue hits the goblin.
You kill the goblin!
Your Fighting skill increases to level 1!
The jackal bites you. The jelly hits you.
You are splashed with acid!
The acid burns!
Ouch! That really hurt!
You die...
Your body disappears without a glow.

.###.#.......................>..#
.###.#.###.................#..#.#
...#...............#####........#
...###.##............###.###.#...
...# #.##.............##.# #.##..
...###.##.............##.###.##..
..........................##.##..
.........#.......................
................@).##............
.....>.........J.h......#.####...
..........##.....#####.....###..#
####.....#######...............##
##.............######.#.#######
#.......######## #...# #
#.......# ##..# # #.......# ####
##.....##


You could see a jelly and a jackal.

Vanquished Creatures
  2 adders
  A bat (D:2)
  A giant cockroach (D:2)
  4 goblins (D:1)
  4 hobgoblins (D:1)
  4 kobolds
  2 frilled lizards (D:1)
  6 rats (D:1)
24 creatures vanquished.

Notes
Turn   | Place    | Note
-------+----------+-------------------------------------------
     0 | D:1      | Gearfox the Deep Elf Fire Elementalist began the quest for
                  | the Orb.
     0 | D:1      | Reached XP level 1. HP: 10/10 MP: 6/6
   273 | D:1      | Reached XP level 2. HP: 16/16 MP: 6/8
   277 | D:1      | Learned a level 2 spell: Throw Flame
   768 | D:1      | Found a sparkling altar of Nemelex Xobeh.
   785 | D:1      | Became a worshipper of Nemelex Xobeh the Trickster
   950 | D:2      | Reached XP level 3. HP: 20/20 MP: 2/10
  1009 | D:1      | Reached skill level 4 in Fire Magic
  1325 | D:1      | Reached skill level 1 in Fighting
  1325 | D:1      | Splashed by a jelly's acid

Skill      XL: |  1  2  3 |
---------------+----------+-----
Fire Magic     | 4 |  4.0
Fighting       | 1 |  1.0
Dodging        | |  2.4
Stealth        | |  2.4
Spellcasting   | |  3.7
Conjurations   | |  1.4

Action                   || total
-------------------------++-------
Melee: Unarmed           ||     1
 Cast: Flame Tongue      ||    29
       Throw Flame       ||    15
  Use: Scroll            ||     3
  Eat: Chunk             ||     1
Armor: Robe              ||     6
Dodge: Dodged            ||    30
